AoeStats
← HAKUNA MATATA

Arena

506856526Analyzed
4v4 RM · 17d ago on Sep 15, 2026· 51m 52s· 8 players
Game mode
Random Map
Map size
Large (8 player)
Population
200
Speed
Normal
Resources
Standard
Victory
Conquest
Starting age
Dark Age
Ending age
Imperial Age
RankedLock teamsTeams togetherTeam positionsShared explorationLock speedFull tech treeHidden civsTurbo modeCheats
Victory
Defeat
🇪🇸 Britons · Spain
1509
+8
🇹🇷 Khmer · Türkiye
1403
+12
🇭🇰 Portuguese · Hong Kong SAR China
1334
+15
🇦🇷 Teutons · Argentina
1303
+17
🇨🇳 Turks · China
1364
-15
🇨🇳 Persians · China
1318
-13
🇨🇳 Teutons · China
1299
-12
🇪🇸 Franks · Spain
1289
-12
fengyiwui
10:45 Feudal Age
13:02 Double-Bit Axe
15:39 Castle Age
13:24 Horse Collar
23:37 Imperial Age
22:12 Wheelbarrow
23:05 Gold Mining
26:15 Town Watch
30:40 Padded Archer Armor
31:02 Ballistics
31:43 Leather Archer Armor
31:56 Heavy Plow
32:59 Ring Archer Armor
33:25 Hand Cart
33:28 Bow Saw
33:57 Artillery
34:58 Fortified Wall
35:02 Heavy Cavalry Archer
36:07 Parthian Tactics
37:29 Two-Man Saw
36:35 Husbandry
36:28 Fletching
37:06 Bloodlines
37:38 Bodkin Arrow
37:55 Thumb Ring
40:16 Bracer
41:04 Scale Barding Armor
41:12 Forging
42:09 Chain Barding Armor
43:05 Iron Casting
47:19 Plate Barding Armor
47:52 Blast Furnace
48:02 Loom
toretex
2:10 Loom
10:06 Feudal Age
14:48 Castle Age
14:05 Double-Bit Axe
14:17 Gold Mining
16:06 Bow Saw
16:51 Wheelbarrow
20:16 Forging
21:01 Scale Barding Armor
23:35 Town Watch
24:30 Gold Shaft Mining
23:46 Stone Mining
25:38 Hand Cart
26:51 Husbandry
30:11 Imperial Age
29:10 Iron Casting
28:58 Chain Barding Armor
30:35 Cavalier
31:52 Conscription
32:38 Blast Furnace
32:14 Plate Barding Armor
32:23 Chivalry
32:46 Scale Mail Armor
32:37 Fletching
32:47 Padded Archer Armor
32:56 Paladin
34:36 Elite Throwing Axeman
35:58 #83
36:04 Ballistics
36:45 Chemistry
37:57 Light Cavalry
39:35 Bodkin Arrow
39:55 Leather Archer Armor
39:56 Chain Mail Armor
42:47 Murder Holes
43:14 Arrowslits
Jack
10:25 Feudal Age
14:32 Castle Age
12:52 Horse Collar
12:59 Double-Bit Axe
20:57 Wheelbarrow
20:25 Gold Mining
20:48 Heavy Plow
21:14 Bow Saw
21:32 Loom
24:15 Gold Shaft Mining
27:09 Imperial Age
25:09 Stone Mining
25:55 Scale Barding Armor
26:00 Forging
26:10 Bloodlines
26:02 Husbandry
27:07 Hand Cart
28:00 Chain Barding Armor
27:02 Cavalier
27:46 Town Watch
28:41 Iron Casting
29:55 Plate Barding Armor
31:21 Two-Man Saw
30:52 Crop Rotation
31:51 Stone Shaft Mining
31:41 Savar
32:48 Masonry
34:23 Blast Furnace
34:22 Conscription
35:17 Citadels
35:53 Ballistics
36:04 Architecture
35:40 Herbal Medicine
40:27 Light Cavalry
一只小耳
10:07 Feudal Age
10:15 Loom
11:50 Fletching
17:25 Castle Age
15:35 Double-Bit Axe
18:06 Horse Collar
22:32 Wheelbarrow
24:44 Bow Saw
29:30 Imperial Age
27:50 Heavy Plow
28:15 Town Watch
28:37 Padded Archer Armor
31:12 Chemistry
29:36 Capped Ram
31:22 Hand Cart
31:45 Leather Archer Armor
32:38 Two-Man Saw
34:03 Fortified Wall
38:04 Elite Skirmisher
39:54 Siege Engineers
40:11 Bombard Tower
41:36 Crop Rotation
41:44 Pikeman
42:24 Squires
42:28 Scale Mail Armor
42:38 Forging
45:52 Iron Casting
49:06 Hoardings
49:01 Bodkin Arrow
HAKUNA MATATA
10:38 Feudal Age
13:47 Castle Age
13:26 Double-Bit Axe
13:23 Horse Collar
15:05 Bow Saw
21:03 Town Watch
28:43 Imperial Age
25:58 Loom
26:49 Wheelbarrow
26:18 Heavy Plow
28:10 Scale Barding Armor
28:16 Forging
28:24 Gold Mining
28:25 Stone Mining
28:42 Husbandry
28:52 Bloodlines
29:46 Chain Barding Armor
29:12 Elite Battle Elephant
30:29 Iron Casting
31:57 Blast Furnace
31:34 Plate Barding Armor
40:04 Tusk Swords
40:27 Conscription
42:31 Coinage
44:23 Gold Shaft Mining
44:24 Stone Shaft Mining
Puskas
9:12 Feudal Age
11:17 Loom
15:21 Castle Age
13:50 Double-Bit Axe
14:17 Horse Collar
20:25 Bow Saw
23:09 Wheelbarrow
24:34 Fletching
24:44 Padded Archer Armor
25:11 Ballistics
24:33 Crossbowman
25:32 Gold Mining
25:48 Bodkin Arrow
26:55 Heavy Plow
27:55 Leather Archer Armor
32:31 Imperial Age
32:02 Town Watch
32:32 Hand Cart
32:36 Arbalester
33:23 Bracer
33:54 Ring Archer Armor
34:43 Capped Ram
36:39 Chemistry
36:09 Town Watch
37:17 Town Patrol
37:33 Hand Cart
39:09 Hand Cart
39:25 Scale Mail Armor
39:35 Forging
40:31 Squires
40:16 Arson
40:40 Pikeman
42:50 Two-Man Saw
43:26 Elite Skirmisher
44:45 Coinage
302
11:33 Feudal Age
13:05 Double-Bit Axe
13:01 Horse Collar
15:23 Castle Age
16:48 Wheelbarrow
16:25 Bow Saw
16:16 Heavy Plow
26:10 Imperial Age
23:49 Loom
24:45 Gold Mining
25:10 Pikeman
25:35 Arson
26:07 Scale Mail Armor
26:17 Forging
26:18 Halberdier
28:28 Hand Cart
28:33 Chain Mail Armor
29:37 Plate Mail Armor
29:43 Iron Casting
30:25 Ballistics
30:31 Fletching
33:19 Blast Furnace
32:18 Town Watch
32:15 Elite Organ Gun
33:40 Bodkin Arrow
34:47 Chemistry
34:40 Conscription
36:16 Bracer
38:40 Siege Engineers
39:44 Arquebus
42:09 Masonry
43:08 Bombard Tower
42:32 Treadmill Crane
43:23 Architecture
44:31 Town Patrol
45:31 Two-Man Saw
45:02 Crop Rotation
44:23 Stone Mining
44:29 Murder Holes
Bear
6:32 Loom
9:19 Feudal Age
14:14 Fletching
20:44 Double-Bit Axe
23:23 Castle Age
21:29 Horse Collar
26:20 Wheelbarrow
Connection lost

Rejoining the realm…

Still unreachable

The connection could not be restored.

Session expired

The server has moved on; the page needs a fresh start.